 Dungeon Crawl Stone Soup version 0.22-a0-48-g8770677 (webtiles) character file.

4900 KristoblXynda the Covert (level 10, -6/120 HPs)
             Began as a Naga Gladiator on Jan 7, 2018.
             Was a Believer of Okawaru.
             Mangled by a death yak (17 damage)
             ... on level 8 of the Dungeon.
             The game lasted 00:23:44 (8425 turns).

KristoblXynda the Covert (Naga Gladiator)           Turns: 8425, Time: 00:23:45

Health: -6/120     AC: 25    Str: 17    XL:     10   Next: 51%
Magic:  0/14       EV:  1    Int: 11    God:    Okawaru [**....]
Gold:   1156       SH:  0    Dex: 22    Spells: 9/9 levels left

rFire    . . .     SeeInvis +   i - +3 long sword (freeze) (curse)
rCold    . . .     Gourm    .   (no shield)
rNeg     + + +     Faith    .   (armour currently unavailable)
rPois    +         Spirit   +   (helmet currently unavailable)
rElec    .         Reflect  .   (cloak currently unavailable)
rCorr    .         Harm     .   (gloves currently unavailable)
MR       +....     NoTele   +   (no barding)
Stlth    +++++++...             g - amulet of guardian spirit
HPRegen  0.30/turn              r - +4 ring of dexterity
MPRegen  0.14/turn              o - +2 ring of evasion

@: agile, tree-form, heroism
A: large, see invisible, slow metabolism 1, spit poison 1, AC +3
a: Spit Poison, Heroism, Renounce Religion


You were on level 8 of the Dungeon.
You worshipped Okawaru.
Okawaru was pleased with you.
You were very hungry.
You were a tree.
You visited 2 branches of the dungeon, and saw 9 of its levels.
You also visited: Bailey.

You collected 1232 gold pieces.
You spent 76 gold pieces at shops.

Inventory:

Hand Weapons
 i - a cursed +3 long sword of freezing (weapon)
 y - a +4 long sword
 z - a cursed +0 scimitar
Missiles
 a - 36 tomahawks of returning (quivered)
 d - a throwing net
Armour
 c - a +0 helmet (melded)
 e - a +0 cloak (melded)
 t - a +2 ring mail of fire resistance (melded)
 v - a +0 pair of gloves (melded)
Jewellery
 g - an amulet of guardian spirit (around neck)
 m - an uncursed ring of protection from cold
 o - a +2 ring of evasion (right branch)
 r - a +4 ring of dexterity (left branch)
Scrolls
 j - 3 scrolls of teleportation
 p - a scroll of amnesia
 w - 3 scrolls of enchant weapon
 A - a scroll of remove curse
 B - a scroll of magic mapping
Potions
 b - 4 potions of flight
 h - 4 potions of curing
 k - 5 potions of brilliance
Books
 l - a book of Air

   Spells                             Type                      Level
   a - Shock                          Conjuration/Air              1
   b - Swiftness                      Charms/Air                   2
   c - Static Discharge               Conjuration/Air              3
   d - Airstrike                      Air                          4
   e - Lightning Bolt                 Conjuration/Air              5
 D - a book of Maledictions

   Spells                             Type                      Level
   a - Corona                         Hexes                        1
   b - Ensorcelled Hibernation        Hexes/Ice                    2
   c - Confuse                        Hexes                        3
   d - Tukima's Dance                 Hexes                        3
   e - Dazzling Spray                 Conjuration/Hexes            3
Comestibles
 f - 9 rations


   Skills:
 - Level 2.0(7.0) Fighting
 + Level 8.7(13.7) Long Blades
 - Level 4.1(9.1) Throwing
 + Level 4.3(9.3) Armour
 - Level 5.0(10.0) Dodging
 - Level 10.0(15.0) Stealth
 + Level 5.5 Invocations
   Level 4.3 Evocations


You had 9 spell levels left.
You didn't know any spells.

Dungeon Overview and Level Annotations

Branches:
Dungeon (8/15)             Temple (1/1) D:7            Lair (0/6) D:8

Altars:
Cheibriados
Dithmenos
Elyvilon
Fedhas
Gozag
Hepliaklqana
Kikubaaqudgha
Makhleb
Nemelex Xobeh
Okawaru
Ru
Sif Muna
Trog
Uskayaw
Vehumet
Wu Jian
Xom
Yredelemnul

Shops:
D:6 *   D:7 [


Innate Abilities, Weirdness & Mutations

You cannot wear boots.
((Your serpentine skin is tough. (AC +3)))
You have supernaturally acute eyesight. (SInv)
((Armour fits poorly on your strangely shaped body.))
((Your system is resistant to poisons. (rPois)))
((You cover ground very slowly.))
You have a slow metabolism.
You can spit poison.


Message History

Unknown command.
You hit the death yak. You freeze the death yak.
The death yak is lightly wounded.
The death yak gores you but does no damage.
You cannot move.
Okay, then.
Okay, then.
You gain the combat prowess of a mighty hero.
The death yak completely misses you.
You riposte.
You hit the death yak but do no damage.
The death yak is lightly wounded.
You cannot move.
The death yak gores you but does no damage.
The death yak gores you.
* * * LOW HITPOINT WARNING * * *
The death yak gores you but does no damage.
The death yak barely misses you.
The death yak gores you but does no damage.
The death yak gores you!!
You die...

#..## #.##########.###....
#..# #.### ###....8. #...
##...## #####......#.
.....##.....# #.'......8###
≈≈...........# #.###......#.
+#≈....##.....###.#####....8.
.. ##.........<..###.... .
##.########### #.... #.#♣##
##... #.###Y## #... #.. ##Y##
##.# ..# ##Y# #_# .#.
#.....## ### # . ....... .
Y...Y.. ....... .##....


You could see 2 death yaks and a yak.

Vanquished Creatures
  A death yak (D:8)
  An orc knight (Bailey)
  Joseph (D:7)
  Prince Ribbit (D:7)
  Sigmund (D:4)
  Duvessa (D:5)
  2 sky beasts (D:5)
  11 orc warriors
  A phantom (D:5)
  An ogre (D:6)
  A bullfrog (D:7)
  Blork the orc (D:5)
  Dowan (D:5)
  3 scorpions
  8 wights
  2 crimson imps
  2 howler monkeys (D:4)
  A quasit (D:5)
  3 orc priests
  4 hounds
  6 orc wizards
  Crazy Yiuf (D:3)
  A bullfrog skeleton (D:6)
  Natasha (D:3)
  3 worker ants
  6 gnolls
  8 adders
  2 oozes
  2 adder zombies (D:7)
  An adder skeleton (D:6)
  2 worms
  5 dart slugs
  3 leopard geckos
  35 orcs
  2 ball pythons
  12 bats
  2 giant cockroaches
  18 goblins
  5 hobgoblins
  8 jackals
  6 quokkas
  A ball python zombie (D:5)
  8 frilled lizards
  24 kobolds
  A quokka skeleton (D:7)
  8 rats
218 creatures vanquished.

Vanquished Creatures (others)
  A bullfrog (D:8)
1 creature vanquished.

Grand Total: 219 creatures vanquished

Notes
Turn   | Place    | Note
-------+----------+-------------------------------------------
     0 | D:1      | KristoblXynda the Naga Gladiator began the quest for the Orb.
     0 | D:1      | Reached XP level 1. HP: 19/19 MP: 1/1
   243 | D:1      | Reached XP level 2. HP: 26/26 MP: 2/2
   669 | D:1      | Reached XP level 3. HP: 32/32 MP: 3/3
  1074 | D:2      | Reached skill level 1 in Armour
  1202 | D:2      | Reached XP level 4. HP: 35/39 MP: 4/4
  1832 | D:3      | Found a runed door.
  1837 | D:3      | Noticed Crazy Yiuf
  2120 | D:3      | Reached XP level 5. HP: 42/45 MP: 5/5
  2234 | D:3      | Found a deep blue altar of Sif Muna.
  2485 | D:3      | Killed Crazy Yiuf
  2659 | D:3      | Noticed Natasha
  2665 | D:3      | Killed Natasha
  2756 | D:4      | Noticed Sigmund
  2814 | D:4      | Reached XP level 6. HP: 39/52 MP: 6/6
  3042 | D:4      | Killed Sigmund
  3042 | D:4      | Reached skill level 2 in Stealth
  3195 | D:4      | Reached XP level 7. HP: 60/60 MP: 7/7
  3215 | D:4      | Reached skill level 3 in Stealth
  3250 | D:4      | Reached skill level 5 in Long Blades
  3392 | D:4      | You fall through a shaft for 3 floors!
  3420 | D:7      | Found a flagged portal.
  3465 | D:7      | Reached skill level 4 in Stealth
  3482 | Bailey   | Entered a bailey
  3580 | Bailey   | Noticed an orc knight
  3697 | Bailey   | Killed an orc knight
  3697 | Bailey   | Reached skill level 5 in Dodging
  3697 | Bailey   | Reached skill level 5 in Stealth
  3697 | Bailey   | Reached XP level 8. HP: 49/67 MP: 7/9
  3749 | Bailey   | Reached skill level 6 in Stealth
  3833 | Bailey   | Reached skill level 7 in Stealth
  3921 | Bailey   | Reached XP level 9. HP: 37/73 MP: 5/11
  4372 | D:7      | Found a staircase to the Ecumenical Temple.
  4377 | Temple   | Entered the Ecumenical Temple
  4566 | Temple   | Became a worshipper of Warmaster Okawaru
  4600 | D:7      | Noticed Prince Ribbit
  4649 | D:6      | Found a snail-covered altar of Cheibriados.
  4770 | D:6      | Reached skill level 8 in Stealth
  5116 | D:6      | Found an opulent altar of Gozag.
  5116 | D:6      | Found Gozag's Platinum Reserve.
  5230 | D:6      | Reached skill level 1 in Invocations
  5656 | D:6      | Reached * piety under Okawaru
  5656 | D:6      | Reached skill level 9 in Stealth
  6121 | D:5      | Entered Level 5 of the Dungeon
  6176 | D:5      | Noticed Blork the orc
  6187 | D:5      | Killed Blork the orc
  6382 | D:5      | Noticed Duvessa
  6383 | D:5      | Noticed Dowan
  6398 | D:5      | Killed Duvessa
  6401 | D:5      | Killed Dowan
  6493 | D:5      | Reached XP level 10. HP: 74/80 MP: 13/13
  6613 | D:5      | Found a white marble altar of Elyvilon.
  6625 | D:5      | Reached skill level 10 in Stealth
  7101 | D:4      | Found a shimmering altar of Xom.
  7254 | D:7      | Noticed Joseph
  7266 | D:7      | Killed Joseph
  7467 | D:7      | Found an ornate altar of the Wu Jian Council.
  7694 | D:7      | Found Ydynosie's Antique Armour Boutique.
  7717 | D:7      | Killed Prince Ribbit
  7732 | D:7      | Bought a pair of gloves for 76 gold pieces
  8341 | D:8      | Found a burning altar of Makhleb.
  8353 | D:8      | Found a sparkling altar of Nemelex Xobeh.
  8357 | D:8      | Found a hazy altar of Hepliaklqana.
  8380 | D:8      | Found a staircase to the Lair.
  8380 | D:8      | Noticed a death yak
  8398 | D:8      | Noticed a death yak
  8415 | D:8      | Killed a death yak
  8415 | D:8      | Reached ** piety under Okawaru
  8415 | D:8      | Reached skill level 5 in Invocations
  8416 | D:8      | Noticed a death yak
  8425 | D:8      | Mangled by a death yak

Vault maps used:
D:1:      saegor_arrival_simple_c, minmay_close_crescents
D:3:      nicolae_overflow_crystal_walls, uniq_natasha, uniq_crazy_yiuf_cottage
D:4:      first_ration, st_stairs_4, xom_teletrap_fun, uniq_sigmund
D:5:      old_standard_altar, uniq_duvessa, uniq_blork_the_orc
D:6:      nicolae_gozag_zags_fifth_avenue, nicolae_overflow_hidden_temple
D:7:      lemuel_round_altar, temple_doors_e, serial_shops, nicolae_shop_trees,
          enter_bailey_2, uniq_joseph, uniq_prince_ribbit1
D:8:      kennysheep_mini_moat, grunt_qazlal_clouds,
          minmay_overflow_temple_star_quad, dpeg_lair_monsters, uniq_pikel
Temple:   dpeg_chambers_temple
Bailey:   bailey_axe_4, bailey

Skill      XL: |  1  2  3  4  5  6  7  8  9 10 |
---------------+-------------------------------+-----
Throwing       | 2 3 4 |  4.1
Armour         | 1 2 3 4 |  4.3
Dodging        | 3 4 5 |  5.0
Long Blades    | 4 5 6 7 8 |  8.7
Stealth        | 2 5 7 9 10 | 10.0
Evocations     | 2 3 4 |  4.3
Invocations    | 3 5 |  5.5
Fighting       | |  2.0

Action                   |  1- 3 |  4- 6 |  7- 9 | 10-12 || total
-------------------------+-------+-------+-------+-------++-------
Melee: Long sword        |    69 |   205 |   283 |   101 ||   658
Throw: Javelin           |       |     1 |       |       ||     1
       Tomahawk          |       |       |    63 |       ||    63
       Throwing net      |       |       |     3 |       ||     3
Invok: Heroism           |       |       |       |     1 ||     1
 Abil: Spit Poison       |     5 |     8 |    29 |    12 ||    54
Evoke: Wand              |       |       |    20 |       ||    20
  Use: Scroll            |     4 |     8 |     5 |     3 ||    20
       Potion            |       |     1 |     5 |     5 ||    11
 Stab: Sleeping          |       |       |     7 |     3 ||    10
       Distracted        |       |       |     1 |       ||     1
  Eat: Chunk             |     1 |     6 |     1 |     1 ||     9
       Ration            |       |       |     3 |     1 ||     4
Armor: Leather armour    |    15 |       |       |       ||    15
       Ring mail         |    38 |    83 |    99 |    40 ||   260
       Skin              |       |       |    23 |    15 ||    38
Dodge: Dodged            |    71 |   189 |   214 |    69 ||   543
       Rpst.: Long sword |    24 |    63 |    46 |    18 ||   151

Table legend:
 A = Spawn XP
 B = Non-spawn XP
 C = Spawn XP percentage of total XP
 D = Spawn monster count
 E = Non-spawn monster count
 F = Spawn count percentage of total count
 G = Total turns spent on level
                    A         B        C        D         E        F      G
               +---------+---------+-------+---------+---------+-------+---------
         Total |       0 |    7000 |   0.0 |       0 |     218 |   0.0 |  8425
               +---------+---------+-------+---------+---------+-------+---------
           D:1 |       0 |      43 |   0.0 |       0 |      23 |   0.0 |  1001
           D:2 |       0 |      83 |   0.0 |       0 |      32 |   0.0 |   784
           D:3 |       0 |     152 |   0.0 |       0 |      33 |   0.0 |   981
           D:4 |       0 |     601 |   0.0 |       0 |      19 |   0.0 |   888
           D:5 |       0 |     972 |   0.0 |       0 |      22 |   0.0 |   829
           D:6 |       0 |    1229 |   0.0 |       0 |      36 |   0.0 |  1478
           D:7 |       0 |    1307 |   0.0 |       0 |      25 |   0.0 |  1238
           D:8 |       0 |     857 |   0.0 |       0 |       1 |   0.0 |   173
        Bailey |       0 |    1756 |   0.0 |       0 |      27 |   0.0 |   848
               +---------+---------+-------+---------+---------+-------+---------
